[Event "Danish-ch Masters 2022"]
[Site "Svendborg"]
[Date "2022.04.14"]
[Round "6.1"]
[White "Haubro, Martin"]
[Black "Hoi, Carsten"]
[Result "1-0"]
[ECO "C72"]
[WhiteElo "2399"]
[BlackElo "2343"]
[Annotator "TA"]
[PlyCount "113"]
[EventDate "2022.04.10"]
[EventType "tourn"]
[EventCountry "DEN"]
[SourceTitle "playchess.com"]
[Source "ChessBase"]
[SourceQuality "1"]
[TimeControl "40/5400+30:1800+30"]

1. e4 {[%emt 0:00:03] Primel,D} e5 2. Nf3 Nc6 3. Bb5 a6 4. Ba4 d6 5. O-O Bd7 6. c3 g6 7. d4 Bg7 8. h3 Nf6 9. Re1 O-O 10. Nbd2 Nh5 {[%emt 0:05:48][%cal Re5d4] C60: Ruy Lopez: Unusual Black 3rd moves and 3...g6.} 11. Nf1 h6 12. Be3 Qe7 {[%emt 0:04:43] White is slightly better.} 13. Bc2 Kh7 14. g4 {[%emt 0:13:30] [#]} Nf6 $146 ({Predecessor:} 14... Nf4 15. Bxf4 exf4 16. Qd2 Qf6 17. e5 dxe5 18. dxe5 Qe7 19. Qxf4 Rae8 20. Rad1 Bc8 {1-0 (46) Verlinsky,B-Zubarev,N Moscow 1937 EXT 2012 [Primel,D]}) 15. d5 Nd8 16. N3h2 Ng8 17. Ng3 f6 (17... a5 $142) 18. Qd2 (18. h4 $142) 18... Nf7 $16 19. b4 Qe8 20. c4 {[%emt 0:00:59] &Bianco is more active.} Ne7 21. Kg2 Qc8 22. Qd3 (22. c5 $16) 22... Kg8 23. Kh1 a5 {[%emt 0:02:33] [#]} 24. c5 (24. b5 $1 $16) 24... axb4 $11 25. Qd2 Ng5 (25... Ba4 $5 ) 26. h4 {[%emt 0:01:43][%mdl 1024] White has compensation.} Nh3 27. f3 Ba4 (27... h5 $11) 28. Bd3 Nf4 29. Bc4 Bd7 30. Qxb4 Ra4 31. Qc3 (31. Qb3 $5 ) 31... Kh7 (31... f5 $11) 32. Bb3 $16 Ra8 33. Rac1 (33. h5 $16) 33... f5 $14 34. exf5 Nexd5 35. fxg6+ Kh8 36. Qd2 (36. Bxd5 $14 Nxd5 37. Qd2 Nxe3 38. cxd6) 36... Nxe3 $11 37. Rxe3 d5 (37... Qd8 $11) 38. Bxd5 $14 Nxd5 ({Black should play} 38... Qd8 $14 39. Bxb7 Ra7) 39. Qxd5 $16 Bc6 40. Qb3 Qd8 {[%emt 0:01:37][%cal Oe5e4] [#]} 41. Nf5 ({White must play} 41. h5 $1 $16) 41... Rxf5 $11 42. gxf5 Qxh4 43. Rce1 Rd8 {[%emt 0:07:18][%cal Oc6f3] ( -> ...Bxf3+!)} 44. Rd1 {[%emt 0:01:14] And now Rxd8+ would win.} Rf8 45. Qd3 Qh3 46. Rg1 Rxf5 {[%emt 0:02:23] [#]} 47. Rg3 $1 Qh5 48. Kg2 {[%emt 0:00:22] aiming for Ng4.} Rf8 (48... Rf4 $11) 49. Ng4 $16 {[%emt 0:01:06][%cal Og4h6] Threatens to win with Nxh6!} e4 50. fxe4 {[%emt 0:01:09][%cal Og4h6] Hoping for Nxh6!} Qxc5 51. Ref3 {[%emt 0:01:29] Inhibits Qf5.} Re8 52. Nf2 Qb4 53. Rg4 Qb2 (53... Qd6 $16 {was necessary.}) 54. Rf7 ({White should try} 54. Rh4 $18) 54... Qe5 (54... Qxa2 $16 55. Qf3 Kg8 56. Rxc7 Rf8) 55. Qf3 Qe6 (55... Kg8 {keeps fighting.} 56. a3 Ra8) 56. Qf4 {[%emt 0:00:34] Strongly threatening Rh4.} Qd6 $2 {[%emt 0:02:27] [#]} (56... Kg8 57. Rxc7 Re7) 57. Rxg7 $1 {[%emt 0:00:55][%mdl 512] Weighted Error Value: White=0.21 (precise) /Black=0.26 (precise)} 1-0

[Event "Danish-ch Masters 2022"]
[Site "Svendborg"]
[Date "2022.04.14"]
[Round "6.4"]
[White "Schandorff, Lars"]
[Black "Olsen, Filip Boe"]
[Result "1/2-1/2"]
[ECO "A13"]
[WhiteElo "2469"]
[BlackElo "2386"]
[Annotator "TA"]
[PlyCount "62"]
[EventDate "2022.04.10"]
[EventType "tourn"]
[EventCountry "DEN"]
[SourceTitle "playchess.com"]
[Source "ChessBase"]
[SourceQuality "1"]
[TimeControl "40/5400+30:1800+30"]

1. c4 {[%emt 0:00:16] ChessBase II} e6 2. Nf3 Nf6 3. Nc3 d5 4. e3 b6 5. b3 Bb7 6. Bb2 {[%emt 0:00:07] A17: English Opening: 1...Nf6 with ...Bb4.} Nbd7 7. cxd5 exd5 8. Rc1 {[%emt 0:01:56] The position is equal.} a6 9. d4 Bd6 10. g3 O-O 11. Bg2 Re8 12. O-O Ne4 13. Qc2 Qe7 {[%emt 0:14:50] [#]} 14. Ne5 $146 ({Predecessor:} 14. Nxe4 dxe4 15. Ne5 Nf6 16. Nc4 Nd5 17. Nxd6 {½-½ (17) Sulava,N (2422)-Santos Ruiz,M (2549) Brest 2019 CBM 190 Extra [ChessBase II]}) 14... Nxe5 15. Nxe4 {[%emt 0:03:15] [#]} Nf3+ 16. Bxf3 dxe4 17. Bg2 (17. Be2 $11) 17... h5 18. Rce1 h4 19. f4 exf3 20. Bxf3 Bxf3 21. Rxf3 Qe4 22. Qxe4 Rxe4 23. Kf2 Rae8 24. Rg1 Kf8 25. gxh4 Rxh4 26. h3 f6 27. Bc3 Kf7 28. Be1 Rhe4 29. Bc3 Rh4 30. Be1 Rhe4 31. Bc3 Rh4 {[%emt 0:00:09] Weighted Error Value: White=0.09 (flawless) /Black=0.10 (very precise)} (31... Rh8 $15) 1/2-1/2

[Event "Danish-ch Masters 2022"]
[Site "Svendborg"]
[Date "2022.04.14"]
[Round "6.5"]
[White "Percivaldi, Martin"]
[Black "Sylvan, Jacob"]
[Result "1/2-1/2"]
[ECO "D37"]
[WhiteElo "2389"]
[BlackElo "2312"]
[Annotator "TA"]
[PlyCount "66"]
[EventDate "2022.04.10"]
[EventType "tourn"]
[EventCountry "DEN"]
[SourceTitle "playchess.com"]
[Source "ChessBase"]
[SourceQuality "1"]
[TimeControl "40/5400+30:1800+30"]

1. d4 d5 2. c4 e6 3. Nf3 Nf6 4. Nc3 dxc4 5. e4 b5 6. e5 {[%emt 0:00:13] D24: Queen's Gambit Accepted: 3 Nf3 Nf6 4 Nc3.} Nd5 7. Nxb5 Nb6 8. Be2 {[%emt 0:00:20] White is slightly better.} Nc6 $1 {[%emt 0:00:40] 8...Nc6 is better than 8...Be7.} 9. Nc3 Be7 10. Be3 O-O 11. a3 Bb7 12. Qc2 {[%emt 0:02:30] [#]} Rb8 $146 ({Predecessor:} 12... h6 13. Rd1 Qd7 14. h4 Rad8 15. Qe4 f5 16. exf6 Bxf6 17. Ng5 Bxg5 18. hxg5 Qe7 {1-0 (75) Frolyanov,D (2546)-Zverev,L (2087) Cheliabinsk 2020}) 13. h4 f5 {[%emt 0:08:31] Threatens to win with ...f4.} 14. exf6 $1 gxf6 (14... Bxf6 $16 15. Ng5 Bxg5 16. hxg5 g6) 15. Rd1 $14 ({Don't play} 15. Qe4 Ne5 16. Qc2 Nxf3+ 17. gxf3 Kh8 $11) 15... Na5 {[%emt 0:03:59] [#]} (15... Qe8 $14) 16. Bh6 {[%emt 0:04:13] &Bianco is more active.} ({Better is} 16. Ng5 $1 $16 fxg5 17. hxg5) 16... Rf7 17. Rh3 Bf8 18. Rg3+ (18. Be3 $1 $14) 18... Kh8 $11 19. Qc1 (19. Bc1 $142) 19... Nd5 {[%emt 0:04:29] White must now prevent ...Nb3.} 20. Bxf8 {[%emt 0:09:26] Chess con chili.} Qxf8 21. Ne4 Rg7 (21... Nb6 $5 22. Nc5 Bd5 $11) 22. Kf1 Rxg3 23. Nxg3 Bc6 24. Qd2 ({Wrong is} 24. Bxc4 $2 Nxc4 25. b4 (25. Qxc4 $2 Bb5 $19) 25... Bb5 $19) 24... Nb3 25. Qc2 Na5 (25... Nb6 $1 $11) 26. Nd2 ({White should play} 26. Re1 $14) 26... Qh6 (26... Qd6 $11 {is more appropriate.} 27. Nxc4 Nxc4 28. Bxc4 Ne3+ 29. fxe3 Qxg3) 27. Nxc4 $14 Nxc4 28. Qxc4 Bb5 29. Qc2 {[%emt 0:01:34] Hoping for Bxb5.} Qxh4 30. Bxb5 Rxb5 31. Qc6 Qg4 $1 32. Re1 Rxb2 33. Qxe6 Qxe6 {[%emt 0:01:04] Weighted Error Value: White=0.15 (very precise) /Black=0.13 (very precise)} (33... Qxd4 $2 {is a self mate.} 34. Qe8+ Kg7 35. Nf5#) 1/2-1/2

[Event "Danish-ch Masters 2022"]
[Site "Svendborg"]
[Date "2022.04.15"]
[Round "7.4"]
[White "Borge, Nikolaj"]
[Black "Schandorff, Lars"]
[Result "1/2-1/2"]
[ECO "C50"]
[WhiteElo "2392"]
[BlackElo "2469"]
[Annotator "TA"]
[PlyCount "124"]
[EventDate "2022.04.10"]
[EventType "tourn"]
[EventCountry "DEN"]
[SourceTitle "playchess.com"]
[Source "ChessBase"]
[SourceQuality "1"]
[TimeControl "40/5400+30:1800+30"]

1. e4 e5 2. Nf3 Nc6 3. Bc4 Bc5 4. O-O Nf6 5. d3 d6 6. c3 a5 {[%emt 0:01:16] C54: Giuoco Piano: 4 c3 Nf6, main lines with 5 d4 and 5 d3.} 7. Re1 O-O 8. Nbd2 Be6 9. Bb5 Ne7 10. d4 Ba7 11. Bd3 Ng6 12. h3 Nh5 {[%emt 0:17:21] [#]} 13. Nc4 $146 ({Predecessor:} 13. Nf1 exd4 14. Nxd4 Nhf4 15. Bc2 Bxd4 16. cxd4 f5 17. e5 Bd5 18. Bxf4 Nxf4 19. Bb3 Bxb3 20. Qxb3+ {½-½ (26) Wosch,A (2356)-Willmann,B (2283) LSS email 2017}) 13... Nhf4 14. Bf1 exd4 15. Nxd4 d5 16. exd5 Bxd5 17. Bxf4 Nxf4 18. Qg4 (18. Ne3 $11) 18... Ng6 (18... Qf6 $1 $15) 19. Ne3 {[%emt 0:03:23] The position is equal.} Bxd4 20. Qxd4 Be6 21. Red1 Qxd4 (21... Qg5 {with more complications.} 22. g3 Rfd8 23. Qa4 Qh5) 22. cxd4 c6 23. d5 cxd5 24. Nxd5 Rad8 25. Nb6 Rxd1 26. Rxd1 Bxa2 27. Ra1 Be6 28. Rxa5 Ne7 29. Bb5 Rd8 30. Ra7 Rb8 31. Nd7 Bxd7 32. Bxd7 $11 {[%emt 0:00:04][%mdl 4096] Endgame KRB-KRN} Nc6 33. Ra3 Rd8 34. Bg4 g6 35. Rb3 h5 36. Bf3 Rd7 37. Rb6 Rc7 38. b4 Kf8 39. Kh2 Ke7 40. Kg3 Nd8 41. Kf4 Rc2 42. Bxb7 Rxf2+ 43. Bf3 Rb2 44. Ke5 Rd2 45. Ra6 {[%emt 0:06:54] [#] aiming for Ra7+.} f6+ 46. Ke4 Ne6 47. Ke3 Rb2 48. Rb6 Rb3+ 49. Kd2 Nd4 50. Be4 g5 51. Bd3 Ra3 52. Ra6 Rxa6 53. Bxa6 {[%emt 0:00:07] KB-KN} Kd6 54. Kd3 Ne6 55. Ke4 {[%emt 0:00:26] [#] Hoping for Kf5.} Nf4 56. Bf1 h4 57. Kf5 Nd5 58. Bc4 Ne3+ 59. Kxf6 {[%emt 0:00:05] Be2 is the strong threat.} Nxc4 60. Kxg5 Ne3 $1 61. Kxh4 {[%emt 0:00:05] Threatens to win with g4.} Nxg2+ 62. Kg3 Ke5 $2 {[%mdl 40960] Weighted Error Value: White=0.06 (flawless) /Black=0.05 (flawless) . An unexpected result.} 1/2-1/2

[Event "Danish-ch Masters 2022"]
[Site "Svendborg"]
[Date "2022.04.15"]
[Round "7.5"]
[White "Hoi, Carsten"]
[Black "Percivaldi, Martin"]
[Result "1/2-1/2"]
[ECO "D43"]
[WhiteElo "2343"]
[BlackElo "2389"]
[Annotator "TA"]
[PlyCount "60"]
[EventDate "2022.04.10"]
[EventType "tourn"]
[EventCountry "DEN"]
[SourceTitle "playchess.com"]
[Source "ChessBase"]
[SourceQuality "1"]
[TimeControl "40/5400+30:1800+30"]

1. c4 e6 2. d4 d5 3. Nc3 c6 4. Nf3 Nf6 5. cxd5 exd5 6. Bg5 h6 7. Bh4 Be7 8. Qc2 g6 {[%emt 0:00:30] D36: Queen's Gambit Declined: Exchange Variation: Main line (5 Bg5 c6 6 Qc2).} 9. e3 Bf5 10. Bd3 Bxd3 11. Qxd3 Nbd7 12. O-O-O {[%emt 0:02:59] [#]} Nh5 $146 ({Predecessor:} 12... O-O 13. h3 b5 14. Kb1 b4 15. Na4 Ne4 16. Bxe7 Qxe7 17. Rhf1 Nb6 18. Qa6 b3 {0-1 (24) Reimold,D (1919)-Wichmann,C (2120) Playchess.com INT 2020}) 13. g4 {[%emt 0:05:51] Hoping for Bxe7.} Nf4 14. exf4 $14 Bxh4 15. f5 {[%emt 0:13:33] Strongly threatening Rde1+.} gxf5 {[%emt 0:14:47] [#]} (15... Qf6 $11 {keeps the balance.}) 16. Rde1+ ({But not} 16. Qxf5 Bg5+ 17. Kb1 Qf6 $11) ({Better is} 16. Rhe1+ $1 $16 Kf8 17. Qxf5 (17. Nxh4 Qxh4 18. Qxf5 Qg5+ 19. Re3 Qxf5 $15) 17... Bg5+ 18. Kb1) 16... Kf8 $1 $11 17. Qxf5 Bg5+ 18. Kc2 {[%emt 0:06:49] aiming for h4.} Qf6 $1 19. Qd3 Qg6 20. Ne2 Qxd3+ 21. Kxd3 Nf6 22. h3 ({Much worse is} 22. h4 {[#]} Nxg4 $1 23. hxg5 Nxf2+ 24. Kc3 Nxh1 25. Rxh1 Kg7 $15) 22... Ne4 23. Rhf1 h5 24. h4 Be7 25. g5 Bb4 26. Rd1 Bd6 27. Ne5 Kg7 28. f3 Nc5+ 29. dxc5 {[%emt 0:01:05] &Bianco is more active.} Bxe5 30. b3 (30. f4 $16 Bc7 31. Rde1) 30... Rae8 {Weighted Error Value: White=0.17 (very precise) /Black=0.13 (very precise)} 1/2-1/2

[Event "Danish-ch Masters 2022"]
[Site "Svendborg"]
[Date "2022.04.16"]
[Round "8.1"]
[White "Buhl Bjerre, Jonas"]
[Black "Haubro, Martin"]
[Result "1-0"]
[ECO "B51"]
[WhiteElo "2611"]
[BlackElo "2399"]
[Annotator "TA"]
[PlyCount "37"]
[EventDate "2022.04.10"]
[EventType "tourn"]
[EventCountry "DEN"]
[SourceTitle "playchess.com"]
[Source "ChessBase"]
[SourceQuality "1"]
[TimeControl "40/5400+30:1800+30"]

1. e4 c5 2. Nf3 d6 3. Bb5+ Nd7 4. d4 cxd4 5. Nxd4 Ngf6 6. Bd3 {[%emt 0:00:13] [#] B51: Sicilian: Moscow Variation (3 Bb5+) without 3...Bd7.} e5 $146 ({Predecessor:} 6... Nc5 7. Nc3 e6 8. O-O Be7 9. Re1 O-O 10. Nb3 Nxd3 11. Qxd3 a6 12. Bf4 h6 {0-1 (46) Vokhidov,S (2616)-Navara,D (2758) Riga 2021}) 7. Nb3 d5 8. exd5 {[%emt 0:00:28] White has an edge.} Nxd5 9. O-O N5f6 (9... Be7 $11) 10. Re1 Be7 11. Nc3 O-O 12. Bg5 Nd5 13. Qh5 {[%emt 0:09:52][%csl Gd3][%cal Rh5h7] [#]} g6 14. Bxe7 $16 Nxe7 15. Qh4 $36 {[%emt 0:06:45][%mdl 2048] White has strong initiative. 0x0.001b374052dedp-1022s more active pieces. The black rooks are badly placed.} Nc6 16. Qxd8 Rxd8 17. Be4 Ne7 (17... Nd4 $14) 18. Rad1 Rf8 $2 {[%emt 0:01:07][%mdl 8192] [#]} (18... Rb8 $16 {is tougher.}) 19. Bxb7 $1 {[%emt 0:00:41][%mdl 512] Weighted Error Value: White=0.08 (flawless) /Black=0.79} 1-0

[Event "Danish-ch Masters 2022"]
[Site "Svendborg"]
[Date "2022.04.16"]
[Round "8.2"]
[White "Thybo, Jesper Sondergaard"]
[Black "Hoi, Carsten"]
[Result "1/2-1/2"]
[ECO "E91"]
[WhiteElo "2559"]
[BlackElo "2343"]
[Annotator "TA"]
[PlyCount "107"]
[EventDate "2022.04.10"]
[EventType "tourn"]
[EventCountry "DEN"]
[SourceTitle "playchess.com"]
[Source "ChessBase"]
[SourceQuality "1"]
[TimeControl "40/5400+30:1800+30"]

1. Nf3 Nf6 2. c4 g6 3. Nc3 Bg7 4. d4 O-O 5. e4 d6 6. Be2 Bg4 7. Be3 Nfd7 8. O-O e5 9. d5 a5 10. Rb1 {[%emt 0:01:54] &Bianco is more active. E91: King's Indian: Classical: 6 Be2, unusual replies including 6...c5 and 6...Bg4.} Na6 11. a3 f5 12. h3 {[%emt 0:08:21] White is better.} Bxf3 13. Bxf3 {[%emt 0:00:13] [#]} Bf6 $146 ({Predecessor:} 13... Nf6 14. b4 axb4 15. axb4 f4 16. Bd2 h5 17. Qe2 Qe8 18. c5 dxc5 19. bxc5 Nxc5 {0-1 (32) Prusikin,M (2470)-Forster,R (2495) Switzerland 2003}) 14. Bh6 Bg7 15. Bd2 Bf6 16. b4 $36 {[%emt 0:07:34][%mdl 2048] White is in control.} axb4 17. axb4 Bg5 18. Be1 Kh8 19. Be2 Nf6 20. Qc2 c5 (20... Nxe4 $14 21. Nxe4 fxe4) 21. dxc6 $1 $18 bxc6 22. exf5 gxf5 23. Qxf5 Nd5 24. Qg4 Nf4 25. Bd2 Nc7 26. Ne4 (26. b5 $142) 26... Bh6 $16 27. g3 (27. Kh1 $1 $16) 27... Rg8 $11 28. Qf3 {[%emt 0:00:01] Threatens to win with Bc3.} Nce6 (28... d5 $14 29. Bxf4 exf4 30. cxd5 cxd5) 29. Bxf4 $16 Nxf4 30. Kh2 ({White should try} 30. Kh1 $16 d5 31. gxf4 dxe4 32. Qxe4) 30... d5 $11 31. cxd5 (31. gxf4 dxe4 32. Qxe4 Bxf4+ 33. Kh1 Ra3 $17) (31. Nc5 $5 e4 32. Qb3 $14) 31... cxd5 {[%emt 0:00:04][%cal Od8c8] Hoping for ...Qc8!} 32. Nc5 (32. gxf4 dxe4 33. Qh5 (33. Qxe4 $2 Bxf4+ 34. Qxf4 exf4 $19) 33... Bxf4+ 34. Kh1 Qb6 $15) 32... e4 33. Qe3 {[%emt 0:01:12] The board is on fire.} Qf6 34. Bg4 $2 ({White has to play} 34. Qd2 $1 $11) 34... Nxh3 $1 $17 35. Qb3 (35. Nd7 $17 Qg7 36. Qb6 Qxg4 37. Qxh6 Nxf2 38. Qf6+ Rg7 39. Qxf2 Rxd7 40. b5) 35... Nxf2 $19 36. Kg2 e3 37. Qxd5 Rad8 38. Qf5 ({Much worse is} 38. Qe6 Qg7 39. Rxf2 exf2 $19) 38... Qxf5 ({Don't blunder} 38... Qd6 $2 39. Rfd1 Nxd1 40. Rxd1 Qc6+ 41. Qe4 Rd2+ 42. Rxd2 Qxe4+ 43. Nxe4 $19) (38... Qe7 $19 39. Rxf2 (39. Qe6 $2 Qg7 $19) 39... Rdf8) 39. Bxf5 $15 Rd2 (39... Rdf8 $1 $15 40. Be6 Rg6) 40. Nb3 {[%emt 0:00:33] [#]} (40. Kf3 $1 $11) 40... Rdd8 (40... Rd6 $1 $17 {[%cal Rd6f6] White must now prevent ...Rf6.} 41. Nc5 Rf6) 41. Nc1 {[%emt 0:09:54] [#]} (41. Nc5 $11 {keeps the balance.}) 41... Rge8 ({Better is} 41... Rg5 $1 $17 42. Be6 Ne4) 42. Ne2 {[%emt 0:03:17] The position is equal.} Rd2 43. Rfe1 Rf8 44. g4 Nd3 45. Bxd3 {[%emt 0:01:23] aiming for Bf5.} Rf2+ 46. Kh1 Rxd3 47. b5 {[%emt 0:00:23] b6 is the strong threat.} Rd2 48. b6 $1 {[%emt 0:00:49] Strongly threatening b7.} Rdxe2 49. Rxe2 Rxe2 $11 {[%emt 0:00:05] KRB-KR} 50. b7 $1 Bf4 {[%emt 0:00:10] ( -> ...Bb8)} 51. b8=Q+ Bxb8 52. Rxb8+ Kg7 53. Kg1 Kf6 54. Rb5 {[%emt 0:02:58] What a bad dream for Black.  Weighted Error Value: White=0.35/Black=0.51} 1/2-1/2

[Event "Danish-ch Masters 2022"]
[Site "Svendborg"]
[Date "2022.04.16"]
[Round "8.3"]
[White "Percivaldi, Martin"]
[Black "Moller Ochsner, Bjorn"]
[Result "0-1"]
[ECO "E81"]
[WhiteElo "2389"]
[BlackElo "2506"]
[Annotator "TA"]
[PlyCount "78"]
[EventDate "2022.04.10"]
[EventType "tourn"]
[EventCountry "DEN"]
[SourceTitle "playchess.com"]
[Source "ChessBase"]
[SourceQuality "1"]
[TimeControl "40/5400+30:1800+30"]

1. d4 Nf6 2. c4 g6 3. f3 Bg7 4. e4 d6 5. Nc3 O-O 6. Nge2 c5 7. d5 e6 8. Ng3 exd5 9. cxd5 h5 10. Bg5 {[%emt 0:00:13] A65: Modern Benoni: 6 e4.} a6 $1 {[%emt 0:00:48][%mdl 4] is now more promising than 10...Qb6.} 11. a4 Qc7 12. Qd2 {[%emt 0:04:24] White is slightly better.} Nh7 13. Bh6 h4 14. Bxg7 Kxg7 15. Nge2 Qe7 16. Nf4 Nd7 17. Be2 Ne5 18. O-O {[%emt 0:11:30] [#]} Bd7 $146 ({Predecessor:} 18... f5 19. Rad1 Nf6 20. Ne6+ Bxe6 21. dxe6 Qxe6 22. Qxd6 Qxd6 23. Rxd6 fxe4 24. fxe4 Nfg4 {1-0 (49) Dreev,A (2658)-Gladyszev,O (2455) France 2007}) 19. Rab1 Qg5 20. b4 c4 21. Bd1 Kg8 22. Bc2 {[%emt 0:09:25] [#] Against Nd3} (22. Qc1 $11 {remains equal.}) 22... b5 (22... f5 $1 $17 {[%cal Rf5e4] aiming for ...fxe4.} 23. Rbd1 fxe4) 23. a5 {[%emt 0:02:37] [#]} (23. Qc1 $11) 23... f5 $1 $19 {[%emt 0:09:48] Hoping for ...fxe4.} 24. Nce2 (24. Rbd1 $17 {was necessary.} fxe4 25. Ne6 Qxd2 26. Rxd2 exf3 27. Nxf8 Rxf8 28. Rdf2) 24... fxe4 25. fxe4 Rf6 (25... Rf7 $142 26. Rf2 Raf8) 26. Rf2 Raf8 {[%emt 0:03:22] Strongly threatening ...Bg4.} 27. Rbf1 Ng4 $36 {[%emt 0:02:39][%mdl 2048] Keeping White busy.} 28. Rf3 Ne5 29. R3f2 Ng4 30. Rf3 Qh6 ({Worse is} 30... Ne5 31. R3f2 $17) 31. Qd4 (31. h3) 31... Ne5 32. R3f2 Ng4 ({Weaker is} 32... g5 33. Ne6 Rxf2 34. Rxf2 Bxe6 35. Rxf8+ Nxf8 36. dxe6 Qxe6 37. Qd2 $17) (32... h3 $142 33. g3 Ng4) 33. Rf3 Ng5 {[%emt 0:00:58] Inhibits Ne6.} 34. Ra3 Ne5 {[%emt 0:00:13] Threatens to win with ...Bg4.} 35. Qa7 Bg4 {[%emt 0:00:42] White must now prevent ...Bxe2.} 36. Raa1 Bxe2 {[%emt 0:00:46] Black mates.} 37. Nxe2 {[%emt 0:00:08] [#]} Nh3+ $1 38. gxh3 Qg5+ 39. Ng3 hxg3 {[%emt 0:00:51] Weighted Error Value: White=0.67/Black=0.37} 0-1

[Event "Danish-ch Masters 2022"]
[Site "Svendborg"]
[Date "2022.04.16"]
[Round "8.4"]
[White "Olsen, Filip Boe"]
[Black "Borge, Nikolaj"]
[Result "1/2-1/2"]
[ECO "D27"]
[WhiteElo "2386"]
[BlackElo "2392"]
[Annotator "TA"]
[PlyCount "97"]
[EventDate "2022.04.10"]
[EventType "tourn"]
[EventCountry "DEN"]
[SourceTitle "playchess.com"]
[Source "ChessBase"]
[SourceQuality "1"]
[TimeControl "40/5400+30:1800+30"]

1. d4 d5 2. c4 dxc4 3. Nf3 Nf6 4. e3 e6 5. Bxc4 c5 6. O-O a6 7. a4 Nc6 8. Nc3 Be7 9. Qe2 cxd4 10. Rd1 d3 {[%emt 0:01:41] D27: Queen's Gambit Accepted: Classical main line: 7 e4!? and 7 a4.} 11. Bxd3 Qc7 12. e4 Ng4 {[%emt 0:18:39] White is slightly better.} 13. g3 (13. h3 $5 Nge5 14. Bf4 $14) 13... Bc5 $1 14. Rf1 {[%emt 0:01:41] [#]} f6 $146 ({Predecessor:} 14... O-O 15. Bf4 e5 16. Nd5 Qd6 17. Bd2 Nf6 18. b4 Bd4 19. Nxf6+ Qxf6 20. Nxd4 Nxd4 {½-½ (34) Turova,I (2265)-Konopelchenkova,T (2165) Kolontaevo 1998}) 15. Kg2 O-O 16. h3 Nge5 17. Nxe5 Nd4 18. Qg4 (18. Qd1 $11 fxe5 19. Ne2) 18... fxe5 $15 19. Be3 Nb3 20. Rad1 Bxe3 21. fxe3 Bd7 22. Bc2 Na5 23. Qe2 Rxf1 24. Rxf1 Qc5 25. Bd3 Rc8 26. Qh5 {[%emt 0:03:14] Qf7+ is the strong threat.} Be8 {[%emt 0:01:01] Prevents Qf7+.} 27. Qg4 Qe7 ({Black should try} 27... Rc6 $15) 28. Qe2 (28. Nd5 $1 $11 Qd6 29. b4) 28... Bg6 29. Bb1 Nb3 30. Ba2 Nc5 31. Qc4 (31. h4 $15) 31... Rc6 $17 32. Qb4 b6 (32... Qd8 $17 {Hoping for ...Qd2+.} 33. Rd1 Qg5 34. Bxe6+ Nxe6 35. Qxb7 Be8) 33. a5 (33. Qc4 $15 a5 34. Bb1) 33... Qc7 34. axb6 Rxb6 ({Worse is} 34... Qxb6 35. Qa3 h6 36. Bb1) 35. Qc4 {[%emt 0:01:05] And now b4 would win.} Qc6 (35... Rxb2+ $17 36. Kg1 h5) 36. Kg1 h5 ({Much weaker is} 36... Rxb2 $6 37. Na4 $1 Rxa2 38. Nxc5 $11) ({Reject} 36... Bxe4 $6 37. b4 Bd3 38. Qxc5 $11) (36... Nxe4 $2 37. Nd5 $1 exd5 38. Qxc6 Rxc6 39. Bxd5+ Bf7 40. Bxf7+ Kh8 41. Bd5 $18) 37. Rc1 (37. Qe2 $15) 37... Rxb2 {[%emt 0:00:48] White must now prevent ...Qb6.} 38. Nd1 Rd2 39. Nf2 {[%emt 0:00:42] [#]} Qa4 40. Qxa4 $11 {[%emt 0:00:24] The position is equal.} Nxa4 41. Bxe6+ Kf8 42. Rc6 a5 43. Bd5 Be8 44. Ra6 Re2 45. Rxa5 Rxe3 46. Kg2 Nc3 47. Bc4 Nxe4 48. Rxe5 Bc6 (48... Rxg3+ $2 49. Kh2 $18) 49. Nxe4 {[%emt 0:00:14] Weighted Error Value: White=0.16 (very precise) /Black=0.13 (very precise)} 1/2-1/2